 Dungeon Crawl Stone Soup version 0.31.0-32-g396128a36d (webtiles) character file.

Game seed: 11867698785096410096

27 Peloso the Trooper (level 2, 29/29 HPs)
             Began as a Minotaur Fighter on Apr 23, 2024.
             Got out of the dungeon alive.
             The game lasted 00:02:29 (834 turns).

Peloso the Trooper (Minotaur Fighter)                Turns: 834, Time: 00:02:30

Health: 29/29      AC:  9    Str: 20    XL:     2   Next: 93%
Magic:  1/1        EV:  9    Int:  5    God:
Gold:   23         SH:  4    Dex:  9    Spells: 1/1 levels left

rFire   . . .        a - +0 long sword
rCold   . . .        d - +0 buckler
rNeg    . . .        b - +0 scale mail
rPois   .            (helmet restricted)
rElec   .            (no cloak)
rCorr   .            (no gloves)
SInv    .            c - +1 pair of boots
Will    .....        (no amulet) Stlth
                     (no ring)
HPRegen 0.24/turn    (no ring)
MPRegen 0.07/turn

%: no passive effects
@: no status effects
A: horns 2, retaliatory headbutt, robust 1, inability to read after injury 1
a: no special abilities


You escaped.
You visited 1 branch of the dungeon, and saw 1 of its levels.

You collected 23 gold pieces.

Inventory:

Hand Weapons
 a - a +0 long sword (weapon)
Armour
 b - a +0 scale mail (worn)
 c - a +1 pair of boots (worn)
 d - a +0 buckler (worn)
Scrolls
 e - a scroll of fear {unknown}
 g - a scroll of fog {unknown}
Potions
 h - a potion of ambrosia
 i - a potion of might
 j - a potion of cancellation {unknown}


   Skills:
 + Level 4.2 Fighting
 + Level 2.5 Long Blades
 + Level 4.1 Armour
 + Level 0.3 Dodging
 + Level 3.9 Shields


You had one spell level left.
You didn't know any spells.
Your spell library contained the following spells:

 Spells                   Type           Power      Damage    Failure   Level
 Apportation              Tloc           0%         N/A       88%         1
 Jinxbite                 Hex            0%         N/A       95%         2
 Alistair's Intoxication  Alch           0%         N/A       100%        5


Dungeon Overview and Level Annotations

Branches:
Dungeon (1/15)

Altars:


Innate Abilities, Weirdness & Mutations

You have a pair of horns on your head.
You reflexively headbutt those who attack you in melee.
You are robust. (+10% HP)
You occasionally lose the ability to read scrolls when taking damage.


Message History

The ball python hisses angrily.
There are monsters nearby!
There are monsters nearby!
There are monsters nearby!
You hit the ball python.
You kill the ball python!
The giant cockroach barely misses you.
You closely miss the giant cockroach. You headbutt the giant cockroach.
The giant cockroach is moderately wounded.
The giant cockroach closely misses you.
You closely miss the giant cockroach.
The giant cockroach is moderately wounded.
The giant cockroach closely misses you.
The giant cockroach bites you but does no damage.
You hit the giant cockroach but do no damage.
You headbutt the giant cockroach.
The giant cockroach is almost dead.
The giant cockroach bites you.
You slash the giant cockroach!
You kill the giant cockroach!
It was a potion of ambrosia.
You are confused.
You feel invigorated.
It was a potion of mutation.
You feel extremely strange.
You occasionally lose the ability to read scrolls when taking damage.
You feel robust.
What level of the Dungeon? (default 1, ? - help)
You are too confused!
You start waiting.
You feel less invigorated.
You feel less confused.
What level of the Dungeon? (default 1, ? - help)
You open the door.
There is an open door here.
You see here a +0 hand axe.
There is an open door here.
You open the door.
There is an open door here.
There is a staircase leading out of the dungeon here.
You have escaped! #####................# #.# ..#...#.#######♣♣♣♣♣♣♣♣♣.# #.#.##...## ♣....)..♣.# #...#.....# ♣.PPPPP.♣.# ######...## ♣.P~~~P.♣.# ##.## ♣.P~8~P.♣## #.# ♣.P~≈~P.♣ #.# ♣.PPPPP.♣

##'## ♣@......♣
##...## ♣♣♣.♣♣♣♣♣
##..÷..## #..#.#
##.......## ##.##.#
###.........####...#.#
..'.........'......>.#
###.........####...#.#
##.......## ##.##.#
##.....## ####.#


There were no monsters in sight!

Vanquished Creatures
  2 bats (D:1)
  2 endoplasms (D:1)
  5 giant cockroaches (D:1)
  2 goblins (D:1)
  2 hobgoblins (D:1)
  3 kobolds (D:1)
  A quokka (D:1)
  2 ball pythons (D:1)
  5 rats (D:1)
24 creatures vanquished.

Notes
Turn   | Place    | Note
-------+----------+-------------------------------------------
     0 | D:1      | Peloso the Minotaur Fighter began the quest for the Orb.
     0 | D:1      | Reached XP level 1. HP: 19/19 MP: 0/0
   207 | D:1      | Reached XP level 2. HP: 26/27 MP: 1/1
   687 | D:1      | Found a faded altar of an unknown god.
   764 | D:1      | Gained mutation: You occasionally lose the ability to read
                  | scrolls when taking damage. [potion of mutation]
   764 | D:1      | Gained mutation: You are robust. (+10% HP) [potion of
                  | mutation]
   834 | D:$      | Got out of the dungeon alive.

Illustrated notes

Levels and vault maps discovered:
D:1:      tarquinn_simple_flora_water_a, layout_loops_corners,
          hellmonk_ecumenical_altar_leap_of_faith, serial_forest,
          infiniplex_forest_straight_1, infiniplex_forest_straight_2,
          infiniplex_forest_join, infiniplex_forest_lined_corner,
          infiniplex_forest_clump_small, infiniplex_forest_lined_3_way,
          infiniplex_forest_corner_2

Skill      XL: |  1  2 |
---------------+-------+-----
Fighting       | 4 |  4.2
Armour         | 4 |  4.1
Long Blades    | |  2.5
Dodging        | |  0.3
Shields        | |  3.9

Action                     || total
---------------------------++-------
  Melee: Long sword        ||    58
         Headbutt          ||     5
    Use: Potion            ||     2
 Armour: Scale mail        ||    51
  Dodge: Dodged            ||    24
  Block: Buckler           ||    13
